 Dungeon Crawl Stone Soup version 0.30-b1-2-g02819fbbbe (webtiles) character file.

Game seed: 15956431104478011411

6063 liberator the Severer (level 10, -7/80 HPs)
             Began as a Minotaur Berserker on Jan 5, 2024.
             Was an Elder of Trog.
             Mangled by a sun demon (16 damage)
             ... on level 3 of the Abyss.
             The game lasted 00:27:56 (7346 turns).

liberator the Severer (Minotaur Berserker)          Turns: 7346, Time: 00:27:56

Health: -7/80      AC: 11    Str: 31    XL:     10   Next: 57%
Magic:  0/9        EV: 10    Int:  3    God:    Trog [****..]
Gold:   344        SH:  5    Dex:  8    Spells: 9/9 levels left

rFire   . . .        r - +2 war axe (heavy)
rCold   . . .        b - +0 kite shield
rNeg    . . .        m - +3 ring mail of Yvaorubo {Slay+3}
rPois   .            (helmet restricted)
rElec   .            B - +0 cloak {rCorr}
rCorr   +            k - +0 pair of gloves
SInv    .            (no boots)
Will    ++...        c - amulet of guardian spirit Stlth
                     d - ring of resist corrosion
HPRegen 1.33/turn    (no ring)
MPRegen 0.11/turn

%: guardian spirit
@: strong-willed, regenerating
A: horns 2, retaliatory headbutt, strong 1
a: Renounce Religion, Berserk, Trog's Hand, Brothers in Arms


You were on level 3 of the Abyss.
You worshipped Trog.
Trog was greatly pleased with you.
You visited 2 branches of the dungeon, and saw 10 of its levels.
You visited the Abyss 1 time.
You also visited: Ossuary.

You collected 493 gold pieces.
You spent 149 gold pieces at shops.

Inventory:

Hand Weapons
 a - a +0 hand axe
 e - a +0 hand axe
 g - a +0 war axe
 r - a +2 heavy war axe (weapon)
 u - a +0 giant club
 z - a +0 broad axe of electrocution
Armour
 b - a +0 kite shield (worn)
 f - the +0 scale mail "Dioqecorec" {Str+3}
   (You acquired it on level 1 of the Dungeon)

   Str:       It affects your strength (+3).
 k - a +0 pair of gloves (worn)
 m - the +3 ring mail of Yvaorubo (worn) {Slay+3}
   (You found it on level 3 of the Dungeon)

   Slay:      It affects your accuracy & damage with ranged weapons and melee
   (+3).
 B - a +0 cloak of preservation (worn)
Jewellery
 c - an amulet of guardian spirit (around neck)
 d - a ring of resist corrosion (left hand)
 l - a ring of fire
 x - a ring of magical power
 F - a ring of fire
Wands
 p - a wand of paralysis (16)
 s - a wand of mindburst (13)
 v - a wand of iceblast (9)
Scrolls
 i - a scroll of teleportation
 D - a scroll of fear
Potions
 h - 2 potions of degeneration
 j - a potion of heal wounds
 n - 2 potions of brilliance
 o - a potion of magic {unknown}
 q - 6 potions of curing
 t - 3 potions of flight
 w - 3 potions of lignification {unknown}
 A - a potion of haste
 C - a potion of mutation
 G - a potion of berserk rage {unknown}
 H - 3 potions of attraction


   Skills:
 - Level 4.3 Fighting
 * Level 17.8 Axes
 + Level 6.2 Armour
 - Level 2.1 Dodging


You had 9 spell levels left.
You didn't know any spells.
Your spell library was empty.

Dungeon Overview and Level Annotations

Branches:
Dungeon (9/15)             Temple (1/1) D:7             Orc (0/2) D:9
Ossuary (visited)
   Lair: D:8-11

Altars:
Ashenzari
Cheibriados
Dithmenos
Elyvilon
Fedhas
Gozag
Hepliaklqana
Kikubaaqudgha
Makhleb
Nemelex Xobeh
Okawaru
Qazlal
Ru
Sif Muna
Trog
Uskayaw
Vehumet
Wu Jian
Xom
Yredelemnul
Zin
The Shining One

Shops:
D:3 (   D:7 ?(=   D:8 (


Innate Abilities, Weirdness & Mutations

You have a pair of horns on your head.
You reflexively headbutt those who attack you in melee.
Your muscles are strong. (Str +4, Int/Dex -1)


Message History

You slice the quasit!!
You kill the quasit!
Trog accepts your kill.
The raiju bursts into living lightning!
The living lightning hits you.
The raiju blinks!
The raiju bursts into living lightning!
The living lightning hits you.
The raiju blinks!
You open the raiju like a pillowcase!!!
You kill the raiju!
Trog accepts your kill.
You start resting.
A large abomination comes into view.
Your deep troll goes berserk!
Your skin crawls.
You feel strong-willed. Trog will no longer gift you weapons.
Your deep troll bites the large abomination but does no damage.
Your deep troll claws the large abomination! x2
The large abomination hits you!
You hit the large abomination.
The large abomination is severely damaged.
Your deep troll bites the large abomination!
Your deep troll claws the large abomination.
Your deep troll claws the large abomination!
The large abomination is destroyed!
Trog accepts your kill.
Your Armour skill increases to level 6!
You swap places.
You hear a shout!
You swap places.
Your deep troll rages.
A sun demon comes into view.
Something hits your deep troll!
Your deep troll is engulfed in flames!
The sun demon hits you!
You are engulfed in flames!
You cut the sun demon into ribbons!!!
The sun demon is severely wounded.
The sun demon hits you!
You are engulfed in flames!
The sun demon hits you!!
* * * LOW HITPOINT WARNING * * *
You are engulfed in flames!
You die...

### # # #.#
#######.# #
....#.....#.#
.#.... #......
# #
'....#....#..
#
#....##...3##
# . ...#.#@# .
.#....T## . .
..
+..........#
.... .
.#.....###....
. . ###.#.##
## . . ...
....#... . .
... .....# #.#
### #.....####
....


You could see a sun demon and a friendly deep troll (summoned, berserk).

Vanquished Creatures
  A two-headed ogre (D:9)
  Grinder (D:6)
  3 raiju (Abyss:3)
  2 wyverns
  A steam dragon (D:6)
  Grum (D:8)
  Menkaure (D:6)
  A water moccasin (D:9)
  An orc warrior (D:9)
  An ice beast (D:6)
  2 black bears
  3 ogres
  The ghost of seren the Covered, an amateur AtFi (D:4)
  2 wolves (D:8)
  A centaur (D:6)
  A phantom (D:7)
  An elf zombie (Ossuary)
  8 bullfrogs
  3 gnoll sergeants
  A scorpion (D:4)
  3 wights (D:7)
  6 howler monkeys (D:8)
  A quasit (Abyss:3)
  2 hounds (D:4)
  A human zombie (Ossuary)
  3 jellies
  2 gnoll boudas
  A sleepcap (D:6)
  5 orc priests
  Crazy Yiuf (D:6)
  6 iguanas
  6 orc wizards
  2 hound zombies (Ossuary)
  4 mummies (Ossuary)
  19 gnolls
  3 adders
  A shadow imp (D:7)
  2 white imps
  3 worms
  3 dart slugs
  37 orcs
  2 bats
  11 endoplasms
  3 giant cockroaches
  4 goblins
  7 hobgoblins
  7 jackals
  5 kobolds
  9 quokkas
  4 ball pythons
  A gnoll zombie (Ossuary)
  A goblin zombie (Ossuary)
  A hobgoblin zombie (Ossuary)
  2 jackal zombies (Ossuary)
  A kobold zombie (Ossuary)
  2 orc zombies (Ossuary)
  7 rats
  A bush (D:9)
215 creatures vanquished.

Vanquished Creatures (collateral kills)
  A large abomination (Abyss:3)
1 creature vanquished.

Grand Total: 216 creatures vanquished

Notes
Turn   | Place    | Note
-------+----------+-------------------------------------------
     0 | D:1      | liberator the Minotaur Berserker began the quest for the
                  | Orb.
     0 | D:1      | Reached XP level 1. HP: 19/19 MP: 0/0
    70 | D:1      | Reached skill level 4 in Axes
   133 | D:1      | Reached XP level 2. HP: 23/26 MP: 1/1
   248 | D:1      | Reached skill level 5 in Axes
   441 | D:1      | Reached ** piety under Trog
   442 | D:1      | Reached XP level 3. HP: 31/31 MP: 2/2
   986 | D:1      | Identified a scroll of acquirement
   986 | D:1      | Acquired the +0 scale mail "Dioqecorec" {Str+3}
  1146 | D:2      | Reached skill level 6 in Axes
  1146 | D:2      | Reached XP level 4. HP: 34/39 MP: 3/3
  1386 | D:2      | Found a sparkling altar of Nemelex Xobeh.
  1515 | D:3      | Found a faded altar of an unknown god.
  1596 | D:3      | Identified the +3 ring mail of Yvaorubo {Slay+3}
  1954 | D:3      | Found Umpykk's Antique Weapon Emporium.
  1958 | D:3      | Bought a runed war axe for 149 gold pieces
  2126 | D:4      | Noticed seren's ghost (amateur AtFi)
  2140 | D:4      | Found a runed translucent door.
  2299 | D:4      | Noticed a black bear
  2302 | D:4      | Noticed a scorpion
  2308 | D:4      | Killed a black bear
  2309 | D:4      | Reached skill level 7 in Axes
  2309 | D:4      | Reached XP level 5. HP: 28/45 MP: 1/4
  2310 | D:4      | Reached skill level 8 in Axes
  2396 | D:4      | Reached XP level 6. HP: 49/51 MP: 5/5
  2539 | D:4      | Reached *** piety under Trog
  2635 | D:4      | Reached skill level 9 in Axes
  2811 | D:4      | Killed seren's ghost
  2864 | D:5      | Entered Level 5 of the Dungeon
  2983 | D:5      | Reached XP level 7. HP: 57/57 MP: 6/6
  3142 | D:5      | Reached skill level 10 in Axes
  3725 | D:6      | Reached skill level 11 in Axes
  3757 | D:6      | Noticed a steam dragon
  3762 | D:6      | Killed a steam dragon
  3763 | D:6      | Reached XP level 8. HP: 53/64 MP: 4/7
  3845 | D:6      | Reached skill level 12 in Axes
  3905 | D:6      | Noticed Menkaure
  3915 | D:6      | Killed Menkaure
  4138 | D:6      | Found a runed translucent door.
  4139 | D:6      | Noticed Crazy Yiuf
  4199 | D:6      | Reached skill level 13 in Axes
  4233 | D:6      | Reached **** piety under Trog
  4283 | D:6      | Found a snail-covered altar of Cheibriados.
  4283 | D:6      | Found a white marble altar of Elyvilon.
  4283 | D:6      | Found an opulent altar of Gozag.
  4283 | D:6      | Found a glowing golden altar of the Shining One.
  4284 | D:6      | Found a hazy altar of Hepliaklqana.
  4284 | D:6      | Found a blossoming altar of Fedhas.
  4287 | D:6      | Found a broken altar of Ashenzari.
  4288 | D:6      | Found a hide-covered altar of Uskayaw.
  4288 | D:6      | Found an iron altar of Okawaru.
  4289 | D:6      | Found a stormy altar of Qazlal.
  4371 | D:6      | Noticed Grinder
  4384 | D:6      | Killed Grinder
  4385 | D:6      | Reached skill level 14 in Axes
  4567 | D:6      | Found a sacrificial altar of Ru.
  4650 | D:6      | Reached XP level 9. HP: 68/70 MP: 6/8
  4819 | D:6      | Killed Crazy Yiuf
  4889 | D:7      | Found a sand-covered staircase.
  4930 | D:7      | Found a staircase to the Ecumenical Temple.
  4977 | Temple   | Entered the Ecumenical Temple
  5074 | D:7      | Reached skill level 15 in Axes
  5337 | D:7      | Found Mulomm's Weapon Shoppe.
  5337 | D:7      | Found Voxt's Jewellery Shoppe.
  5354 | D:7      | Found Downieg's Magic Scroll Shoppe.
  5483 | Ossuary  | Entered an ossuary
  5498 | Ossuary  | Reached skill level 16 in Axes
  5869 | D:7      | Gained mutation: You are robust. (+10% HP) [potion of
                  | mutation]
  5869 | D:7      | Gained mutation: Your mind is acute. (Int +4, Str/Dex -1)
                  | [potion of mutation]
  5869 | D:7      | Gained mutation: You passively dampen the noise of your
                  | surroundings. [potion of mutation]
  5869 | D:7      | Gained mutation: You have sharp toenails. [potion of
                  | mutation]
  5870 | D:7      | Lost mutation: Your mind is acute. (Int +4, Str/Dex -1)
                  | [potion of mutation]
  5870 | D:7      | Lost mutation: You have sharp toenails. [potion of
                  | mutation]
  5870 | D:7      | Gained mutation: You are clumsy. (Dex -2) [potion of
                  | mutation]
  5870 | D:7      | Gained mutation: Your body sometimes deteriorates upon
                  | taking damage. [potion of mutation]
  5871 | D:7      | Lost mutation: You are robust. (+10% HP) [potion of
                  | mutation]
  5871 | D:7      | Lost mutation: Your body sometimes deteriorates upon taking
                  | damage. [potion of mutation]
  5871 | D:7      | Lost mutation: You passively dampen the noise of your
                  | surroundings. [potion of mutation]
  5871 | D:7      | Gained mutation: You are weak. (Str -2) [potion of
                  | mutation]
  5871 | D:7      | Gained mutation: Your skin changes colour to match your
                  | surroundings (Stealth+). [potion of mutation]
  5872 | D:7      | Lost mutation: Your skin changes colour to match your
                  | surroundings (Stealth+). [potion of mutation]
  5872 | D:7      | Lost mutation: You are clumsy. (Dex -2) [potion of
                  | mutation]
  5872 | D:7      | Lost mutation: You are weak. (Str -2) [potion of mutation]
  5872 | D:7      | Gained mutation: Your muscles are strong. (Str +4, Int/Dex
                  | -1) [potion of mutation]
  6279 | D:8      | Noticed Grum
  6288 | D:8      | Killed Grum
  6291 | D:8      | Reached ***** piety under Trog
  6543 | D:8      | Found Neunumobb's Weapon Emporium.
  6943 | D:9      | Reached XP level 10. HP: 80/80 MP: 9/9
  7003 | D:9      | Noticed a two-headed ogre
  7011 | D:9      | Killed a two-headed ogre
  7012 | D:9      | Reached skill level 17 in Axes
  7107 | D:9      | Found a staircase to the Orcish Mines.
  7131 | D:9      | Reached skill level 5 in Armour
  7235 | D:9      | Found an ancient bone altar of Kikubaaqudgha.
  7280 | D:9      | Noticed a wizard
  7286 | Abyss:3  | Cast into level 3 of the Abyss (a wizard)
  7334 | Abyss:3  | Noticed a large abomination
  7338 | Abyss:3  | Killed a large abomination
  7341 | Abyss:3  | Noticed a sun demon
  7346 | Abyss:3  | Mangled by a sun demon

Illustrated notes

Levels and vault maps discovered:
D:1:      wander_arrival_estate, layout_loops_ring
D:2:      layout_basic, basic_altar
D:3:      layout_loops_ring, serial_shops, nicolae_shop_statue_plus,
          chequers_ecumenical_altar_simple_redux
D:4:      layout_loops_ring, hellmonk_ghost_happy_afterlife
D:5:      layout_basic
D:6:      layout_cave_pools, nicolae_overflows_in_rows, nicolae_ru_awakened_eye,
          minivault_22, hex_tiny, uniq_grinder, uniq_crazy_yiuf_cottage,
          uniq_menkaure
D:7:      layout_basic, temple_pool_b, enter_ossuary_1,
          nicolae_shop_distant_corner_stores
D:8:      nicolae_cairo_tiling, layout_cave_pools, serial_shops,
          nicolae_shop_bloodbath_and_beyond, nrook_loot_triangle, uniq_grum
D:9:      layout_cross, lemuel_crystal_altar, minmay_orc_entry_temple_small,
          serial_park, serial_park_avenue1, serial_park_gazebo
          [serial_park_minivault_5x5_6], serial_park_tiny_1, serial_park_tiny_2,
          minmay_misc_feat_cross, laboratory
Temple:   hellmonk_temple_rainy
Abyss:3:  base:
D:3

Skill      XL: |  1  2  3  4  5  6  7  8  9 10 |
---------------+-------------------------------+-----
Axes           | 4 5 6 7 8 9 11 14 16 17 | 17.8
Fighting       | 4 |  4.3
Armour         | 3 6 |  6.2
Dodging        | |  2.1

Action                     |  1- 3 |  4- 6 |  7- 9 | 10-12 || total
---------------------------+-------+-------+-------+-------++-------
  Melee: Hand axe          |    38 |       |       |       ||    38
         Headbutt          |    14 |    12 |    39 |     5 ||    70
         Punch             |     2 |       |     2 |       ||     4
         War axe           |    31 |    59 |   219 |    37 ||   346
 Invoke: Berserk           |       |       |     2 |       ||     2
         Trog's Hand       |       |       |       |     1 ||     1
         Brothers in Arms  |       |       |       |     1 ||     1
    Use: Scroll            |     4 |     5 |    12 |       ||    21
         Potion            |       |       |     4 |       ||     4
 Armour: Animal skin       |     5 |       |       |       ||     5
         Scale mail        |     9 |     6 |       |       ||    15
         Leather armour    |     2 |       |       |       ||     2
         Ring mail         |       |    27 |    63 |    16 ||   106
  Dodge: Dodged            |    65 |    33 |    92 |    32 ||   222
  Block: Kite shield       |       |       |    47 |    14 ||    61
